 Dungeon Crawl Stone Soup version 0.21-a0-84-g85d6d27 (webtiles) character file.

254 sscrono2 the Sneak (level 6, 0/42 HPs)
             Began as an Octopode Assassin on July 5, 2017.
             Was an Initiate of Uskayaw.
             Succumbed to an adder's poison
             ... while paralysed by Grinder
             ... on level 4 of the Dungeon.
             The game lasted 00:06:32 (3498 turns).

sscrono2 the Sneak (Octopode Assassin)              Turns: 3498, Time: 00:06:32

Health: 0/42       AC:  1    Str:  7 (10) XL:     6   Next: 15%
Magic:  7/7        EV:  2    Int: 11 (13) God:    Uskayaw [......]
Gold:   249        SH:  0    Dex: 12 (14) Spells: 5/5 levels left

rFire    . . .     SeeInvis .   a - +2 dagger
rCold    . . .     Gourm    .   (no shield)
rNeg     . . .     Faith    .   (helmet restricted)
rPois    .         Spirit   .   (no amulet)
rElec    .         Reflect  .   (no ring)
rCorr    .         Harm     .   (no ring)
MR       +....     Clarity  +   (no ring)
Stlth    ++++......             (no ring)
HPRegen  0.14/turn              (no ring)
MPRegen  0.10/turn              (no ring)
                                (no ring)
                                (no ring)

@: paralysed, lethally poisoned (0 -> -6)
A: almost no armour, stealthy swim, amphibious, 8 rings, constrict 8, tentacle
spike 1, camouflage 1, clarity, dopey 1, magic resistance 1, gelatinous body 1
a: Renounce Religion


You were on level 4 of the Dungeon.
You worshipped Uskayaw.
Uskayaw was noncommittal.
You were hungry.

You visited 1 branch of the dungeon, and saw 4 of its levels.

You collected 249 gold pieces.

Inventory:

Hand Weapons
 a - a +2 dagger (weapon)
 b - a +0 blowgun
Missiles
 c - 27 poisoned needles
 d - 2 curare-tipped needles
 s - 4 needles of sleeping
Jewellery
 k - a cursed -3 ring of dexterity {unknown}
 r - a +3 ring of intelligence {unknown}
Scrolls
 e - a scroll of immolation {unknown}
 h - a scroll of remove curse {unknown}
 j - a scroll of teleportation {unknown}
 m - a scroll of random uselessness {unknown}
 n - 5 scrolls of identify {unknown}
 p - a scroll of recharging {unknown}
 q - a scroll of blinking {unknown}
Potions
 i - 2 potions of resistance
 z - a potion of haste {unknown}
Comestibles
 f - 5 bread rations
 g - 2 royal jellies
 o - a chunk of flesh
 w - a fruit


   Skills:
 + Level 3.1 Fighting
 * Level 4.1 Short Blades
 - Level 2.0 Throwing
 - Level 1.0 Dodging
 + Level 7.1 Stealth
 * Level 2.1 Invocations


You had 5 spell levels left.
You didn't know any spells.

Dungeon Overview and Level Annotations

Branches:
Dungeon (4/15)
 Temple: D:4-7

Altars:
Ru
Uskayaw
The Shining One

Annotations:
D:4 Grinder


Innate Abilities, Weirdness & Mutations

You cannot wear most types of armour.
You are very stealthy in the water. (Stealth+)
You are amphibious.
You can wear up to eight rings at the same time.
You can use your tentacles to constrict eight enemies at once.
Your skin changes colour to match your surroundings (Stealth+).
Your rubbery body absorbs attacks. (AC +1, EV +1)
One of your tentacles bears a spike.
You possess an exceptional clarity of mind.
You are dopey. (Int -2)
You are resistant to hostile enchantments. (MR+)


Message History

It was a potion of lignification.
You turn into a tree.
Your roots penetrate the ground.
* * * LOW HITPOINT WARNING * * *
You feel sick. Grinder hits you but does no damage.
It was a potion of magic.
Magic courses through your body.
* * * LOW HITPOINT WARNING * * *
You feel sick. Grinder hits you but does no damage.
It was a potion of cancellation.
Your magical effects are unravelling.
You feel magically purged.
You feel less wooden.
Your resistance to elements expires.
Grinder gestures at you.
You suddenly lose the ability to move!
* * * LOW HITPOINT WARNING * * *
You feel sick. Grinder gestures at you. You resist with almost no effort.
* * * LOW HITPOINT WARNING * * *
You feel sick.
Grinder blinks!
You die...

# #
####........... ##
...............#
.#
................
.#
.....!...).5....
(#
.................
.#
#...............#
.##
#.........%....#
#.# #....@.......#
. #.##
###..........# ..
##.#
##....!...##..#
#.### ###
##......##..#
#...####.#
##........#
##.#.((##.#
###.....##
#..###..)###
##...## #..#
###)..### ###...##
..##
###...####....####


You could see Grinder.

Vanquished Creatures
  A scorpion (D:4)
  2 orc wizards (D:4)
  A worker ant (D:4)
  7 adders
  2 oozes (D:2)
  2 worms (D:2)
  2 dart slugs
  A leopard gecko (D:2)
  3 orcs
  4 ball pythons
  A giant cockroach (D:1)
  8 hobgoblins
  4 kobolds
  4 bats
  5 frilled lizards
  4 goblins
  A leopard gecko zombie (D:3)
  6 rats
58 creatures vanquished.

Notes
Turn   | Place    | Note
-------+----------+-------------------------------------------
     0 | D:1      | sscrono2 the Octopode Assassin began the quest for the Orb.
     0 | D:1      | Reached XP level 1. HP: 14/14 MP: 1/1
    99 | D:1      | Reached XP level 2. HP: 13/19 MP: 2/2
   488 | D:2      | Reached XP level 3. HP: 20/25 MP: 3/3
   983 | D:2      | Reached skill level 6 in Stealth
  1336 | D:2      | Reached XP level 4. HP: 22/30 MP: 4/4
  1348 | D:2      | Found a glowing golden altar of the Shining One.
  2277 | D:3      | Found a faded altar of an unknown god.
  2290 | D:3      | Became a worshipper of Uskayaw the Reveler
  2290 | D:3      | Reached * piety under Uskayaw
  2531 | D:4      | Found a sacrificial altar of Ru.
  2628 | D:4      | Reached XP level 5. HP: 24/36 MP: 5/5
  2628 | D:4      | Reached ** piety under Uskayaw
  2642 | D:4      | Reached *** piety under Uskayaw
  2650 | D:4      | Reached skill level 1 in Invocations
  3205 | D:4      | Reached skill level 7 in Stealth
  3340 | D:4      | Reached XP level 6. HP: 42/42 MP: 7/7
  3417 | D:4      | Noticed Grinder
  3491 | D:4      | Gained mutation: One of your tentacles bears a spike. [potion of mutation]
  3491 | D:4      | Gained mutation: You are resistant to hostile enchantments. (MR+) [potion of mutation]
  3491 | D:4      | Gained mutation: You are dopey. (Int -2) [potion of mutation]
  3491 | D:4      | Gained mutation: You possess an exceptional clarity of mind. [potion of mutation]
  3495 | D:4      | Paralysed by Grinder for 5 turns
  3496 | D:4      | HP: 2/42 [poisoned by an adder]
  3498 | D:4      | Succumbed to an adder's poison

Vault maps used:
D:1:      kennysheep_arrival_forest
D:2:      nicolae_tso_carved_into_rock, minmay_fountain_box
D:3:      chequers_ecumenical_altar_lobes
D:4:      kennysheep_little_box, uniq_sigmund, uniq_grinder

Skill      XL: |  1  2  3  4  5 |
---------------+----------------+-----
Stealth        | 6 7 |  7.1
Short Blades   | 3 4 |  4.1
Fighting       | 3 |  3.1
Invocations    | 2 |  2.1
Throwing       | |  2.0
Dodging        | |  1.0

Action                   |  1- 3 |  4- 6 || total
-------------------------+-------+-------++-------
Melee: Dagger            |    65 |    77 ||   142
       Constrict         |    14 |    14 ||    28
       Tentacles         |     9 |    15 ||    24
Invok: Stomp             |       |     6 ||     6
  Use: Potion            |       |     9 ||     9
 Stab: Sleeping          |     6 |    11 ||    17
  Eat: Chunk             |     1 |     7 ||     8
Armor: Skin              |     2 |     4 ||     6
Dodge: Dodged            |    28 |    24 ||    52
